 Dungeon Crawl Stone Soup version 0.30.0-5-g1a98f26d00 (webtiles) character file.

Game seed: 6890133219057891955

10705 hogiebunz the Spear-Bearer (level 11, -7/101 HPs)
             Began as a Minotaur Fighter on May 12, 2023.
             Was an Elder of the Shining One.
             Shot with an arrow by a centaur (12 damage)
             ... summoned by a centaur
             ... on level 11 of the Dungeon.
             The game lasted 00:22:19 (12604 turns).

hogiebunz the Spear-Bearer (Minotaur Fighter)      Turns: 12604, Time: 00:22:20

Health: -7/101     AC:  5    Str: 26    XL:     11   Next: 39%
Magic:  10/10      EV: 11    Int:  2    God:    the Shining One [****..]
Gold:   736        SH:  0    Dex: 11    Spells: 10/10 levels left

rFire   . . .        u - +4 glaive (venom)
rCold   . . .        (shield currently unavailable)
rNeg    + + .        x - +1 leather armour of Patterns {Will+ Int-3 Dex+2 Slay+3}
rPois   .            (helmet restricted)
rElec   .            (no cloak)
rCorr   .            (no gloves)
SInv    .            (no boots)
Will    ++...        (no amulet)
Stlth   +            v - ring of willpower
HPRegen 0.36/turn    (no ring)
MPRegen 0.12/turn

%: no passive effects
@: glowing
A: horns 2, retaliatory headbutt
a: Renounce Religion, Divine Shield, Cleansing Flame


You were on level 11 of the Dungeon.
You worshipped the Shining One.
The Shining One was greatly pleased with you.
You visited 1 branch of the dungeon, and saw 11 of its levels.

You collected 736 gold pieces.

Inventory:

Hand Weapons
 a - a +1 trident of venom
 u - a +4 glaive of venom (weapon)
Missiles
 p - 2 curare-tipped darts (quivered)
Armour
 c - a +0 buckler
 w - a +3 scale mail of poison resistance
 x - the +1 leather armour of Patterns (worn) {Will+ Int-3 Dex+2 Slay+3}
   (You found it on level 7 of the Dungeon)

   Int:       It affects your intelligence (-3).
   Dex:       It affects your dexterity (+2).
   Slay:      It affects your accuracy & damage with ranged weapons and melee
   (+3).
   Will:      It increases your willpower.
Jewellery
 v - a ring of willpower (left hand)
 C - a ring of fire
Wands
 s - a wand of flame (16)
 y - a wand of polymorph (5)
 D - a wand of mindburst (3)
 H - a wand of roots (7)
Scrolls
 b - a scroll of poison
 h - 4 scrolls of fear
 z - 2 scrolls of fog
 A - a scroll of magic mapping
 B - 3 scrolls of teleportation
 E - a scroll of enchant armour
 F - a scroll of immolation
 G - a scroll of enchant weapon
Potions
 d - 2 potions of might
 e - a potion of brilliance
 f - a potion of invisibility
 g - 2 potions of berserk rage
 i - 2 potions of heal wounds
 j - 2 potions of lignification
 k - a potion of resistance
 l - 2 potions of attraction
 m - 2 potions of haste
 n - 5 potions of curing
 o - a potion of degeneration {unknown}
 q - a potion of ambrosia {unknown}
 r - a potion of mutation {unknown}
 t - 2 potions of flight


   Skills:
 + Level 10.5 Fighting
 * Level 13.7 Polearms
 + Level 10.4 Armour
 + Level 10.4 Shields


You had 10 spell levels left.
You didn't know any spells.
Your spell library contained the following spells:

 Spells                   Type           Power      Damage    Failure   Level
 Slow                     Hex            0%         N/A       58%         1
 Sting                    Tmut/Pois      0%         1d3       58%         1
 Summon Small Mammal      Summ           0%         N/A       58%         1
 Poisonous Vapours        Pois/Air       0%         N/A       73%         2
 Call Canine Familiar     Summ           0%         N/A       91%         3
 Confusing Touch          Hex            0%         N/A       91%         3
 Summon Guardian Golem    Hex/Summ       0%         N/A       91%         3
 Vampiric Draining        Necr           0%         2d6       91%         3
 Olgreb's Toxic Radiance  Pois           0%         N/A       100%        4
 Iskenderun's Battlesphe  Conj           0%         2d6       100%        5
 Iron Shot                Conj/Erth      0%         9d1       100%        6
 Spellforged Servitor     Conj/Summ      0%         N/A       100%        7


Dungeon Overview and Level Annotations

Branches:
Dungeon (11/15)            Temple (0/1) D:6            Lair (0/5) D:8
    Orc (0/2) D:9

Altars:
Cheibriados
Dithmenos
Gozag
Hepliaklqana
Kikubaaqudgha
Makhleb
Nemelex Xobeh
Sif Muna
Trog
Uskayaw
Vehumet
Wu Jian
Xom
Yredelemnul
The Shining One

Annotations:
D:4 2 transporters, BillyBaka's ghost, amateur MiFi
D:9 exclusion: statue


Innate Abilities, Weirdness & Mutations

You have a pair of horns on your head.
You reflexively headbutt those who attack you in melee.


Message History

You feel sick.
You feel sick.
You feel sick.
You feel sick.
You are no longer poisoned.
You now have 719 gold pieces (gained 14).
You now have 736 gold pieces (gained 17).
A centaur comes into view.
A centaur comes into view.
The centaur shouts!
The centaur wields a +0 shortbow.
The centaur shoots an arrow.
The arrow closely misses you.
The centaur wields a +0 shortbow.
The centaur shoots an arrow.
The arrow hits you!
A centaur comes into view. It is wielding a +0 war axe.
A centaur comes into view.
You hear the thunderous beating of a drum very nearby.
The centaur shouts!
The centaur wields a +0 shortbow.
The centaur shoots an arrow.
The arrow hits you.
A centaur comes into view.
The centaur shoots an arrow.
The arrow hits you!
As you read the scroll of fear, it crumbles to dust.
You assume a fearsome visage.
The centaur looks frightened! x5
The centaur reads a scroll.
Wisps of shadow swirl around the centaur.
The centaur shouts! x3
The centaur wields a +0 shortbow.
The centaur shoots an arrow.
The arrow hits you!
The centaur wields a +0 shortbow.
The centaur shoots an arrow.
The arrow hits you.
The centaur wields a +0 shortbow.
The centaur shoots an arrow.
The arrow hits you.
The centaur wields a +0 shortbow.
The centaur shoots an arrow.
The arrow barely misses you.
The centaur shoots an arrow.
The arrow hits you!
* * * LOW HITPOINT WARNING * * *
The centaur shoots an arrow.
The arrow hits you!
* * * LOW HITPOINT WARNING * * *
The centaur shoots an arrow.
The arrow hits you!
* * * LOW HITPOINT WARNING * * *
The centaur shoots an arrow.
The arrow hits you!
You die...

#.....c.c.....
#...c.cc.c9...
#............#
###...........#
.............#
.!..........# #........#
#.......## #)...@.##
#.....### #..
#.....#.#.....
############.....†.......
.................#.#.....
##########..######## #..
#..# #..# #..#


You could see a gargoyle (summoned) and 4 centaurs.

Vanquished Creatures
  2 two-headed ogres (D:10)
  A wolf spider (D:11)
  A manticore (D:8)
  2 unseen horror zombies (D:8)
  An unseen horror (D:11)
  A rime drake (D:8)
  4 trolls
  8 yaks
  A wyvern (D:9)
  3 steam dragons
  An acid dragon (D:9)
  2 water moccasins
  5 ice beasts
  2 sky beasts (D:8)
  2 black bears
  2 orc warriors
  2 wolves (D:8)
  2 ogres
  6 centaurs
  3 kobold brigands
  5 bullfrogs
  3 scorpions (D:6)
  13 wights
  7 killer bees
  6 howler monkeys
  3 centaur zombies (D:8)
  8 hounds
  A jelly (D:5)
  4 orc priests
  A gnoll bouda (D:8)
  A sleepcap (D:8)
  4 iguanas
  11 orc wizards
  2 killer bee zombies (D:8)
  2 howler monkey zombies (D:8)
  4 gnolls (D:8)
  4 adders
  A shadow imp (D:8)
  A white imp (D:6)
  An ufetubus (D:5)
  2 worms
  3 dart slugs
  29 orcs
  4 ball pythons
  4 endoplasms
  2 giant cockroaches
  7 goblins
  5 hobgoblins
  8 jackals (D:3)
  7 kobolds
  3 quokkas
  7 bats
  5 frilled lizards
  6 rats
225 creatures vanquished.

Notes
Turn   | Place    | Note
-------+----------+-------------------------------------------
     0 | D:1      | hogiebunz the Minotaur Fighter began the quest for the Orb.
     0 | D:1      | Reached XP level 1. HP: 19/19 MP: 0/0
    81 | D:1      | Reached XP level 2. HP: 23/27 MP: 1/1
   166 | D:1      | Reached skill level 3 in Polearms
   972 | D:2      | Reached XP level 3. HP: 33/33 MP: 2/2
  1382 | D:2      | You fall into a shaft and drop 1 floor!
  1397 | D:3      | Found a shimmering altar of Xom.
  1399 | D:3      | Found a shimmering blue altar of Sif Muna.
  1662 | D:3      | Reached XP level 4. HP: 31/40 MP: 3/3
  1735 | D:3      | Found a faded altar of an unknown god.
  2012 | D:3      | Found a bloodstained altar of Trog.
  2012 | D:3      | Found an ancient bone altar of Kikubaaqudgha.
  2020 | D:3      | Found a shadowy altar of Dithmenos.
  2022 | D:3      | Found an ornate altar of the Wu Jian Council.
  2024 | D:3      | Found a snail-covered altar of Cheibriados.
  2415 | D:3      | Found a hide-covered altar of Uskayaw.
  3611 | D:4      | Found a glowing golden altar of the Shining One.
  3630 | D:4      | Reached skill level 4 in Polearms
  3640 | D:4      | Reached XP level 5. HP: 17/47 MP: 4/4
  3798 | D:4      | Became a worshipper of the Shining One
  3848 | D:4      | Found a transporter.
  3853 | D:4      | Noticed BillyBaka's ghost (amateur MiFi)
  3866 | D:4      | Found a transporter.
  3981 | D:4      | Noticed an ogre
  3988 | D:4      | Killed an ogre
  3989 | D:4      | Reached skill level 5 in Polearms
  4059 | D:4      | Reached skill level 5 in Fighting
  4059 | D:4      | Reached XP level 6. HP: 55/56 MP: 5/5
  4338 | D:5      | Entered Level 5 of the Dungeon
  4344 | D:4      | Reached skill level 5 in Armour
  4344 | D:4      | Reached skill level 5 in Shields
  4650 | D:5      | Reached skill level 6 in Polearms
  4650 | D:5      | Reached XP level 7. HP: 59/61 MP: 6/6
  4661 | D:5      | Found an opulent altar of Gozag.
  4730 | D:5      | Found a sparkling altar of Nemelex Xobeh.
  5035 | D:5      | Reached * piety under the Shining One
  5137 | D:5      | Reached skill level 7 in Polearms
  5337 | D:5      | Reached XP level 8. HP: 64/70 MP: 7/7
  6049 | D:6      | Reached skill level 8 in Polearms
  6112 | D:6      | Found a staircase to the Ecumenical Temple.
  6179 | D:6      | HP: 2/73 [yak (10)]
  6581 | D:6      | Reached skill level 9 in Polearms
  6597 | D:6      | Reached XP level 9. HP: 30/79 MP: 8/8
  7315 | D:7      | Reached skill level 10 in Polearms
  7605 | D:7      | Identified the +1 leather armour of Patterns {Will+ Int-3
                  | Dex+2 Slay+3}
  8566 | D:7      | Identified a scroll of acquirement
  8566 | D:7      | Acquired a +4 glaive of venom
  8736 | D:8      | Noticed a manticore
  8750 | D:8      | Killed a manticore
  8751 | D:8      | Reached skill level 11 in Polearms
  8756 | D:8      | Reached XP level 10. HP: 53/90 MP: 9/9
  9474 | D:8      | Reached ** piety under the Shining One
  9613 | D:8      | Found a basalt altar of Yredelemnul.
  9783 | D:8      | Reached skill level 12 in Polearms
 10029 | D:8      | Found a hazy altar of Hepliaklqana.
 10063 | D:8      | Found a staircase to the Lair.
 10324 | D:9      | Found a staircase to the Orcish Mines.
 10991 | D:9      | Found a radiant altar of Vehumet.
 11058 | D:9      | Reached *** piety under the Shining One
 11351 | D:9      | Found a burning altar of Makhleb.
 11351 | D:9      | Noticed a blizzard demon
 11405 | D:10     | Entered Level 10 of the Dungeon
 11464 | D:10     | Noticed a two-headed ogre
 11469 | D:10     | Killed a two-headed ogre
 11470 | D:10     | Reached skill level 10 in Fighting
 11470 | D:10     | Reached skill level 13 in Polearms
 11470 | D:10     | Reached XP level 11. HP: 50/99 MP: 10/10
 11733 | D:10     | Reached skill level 10 in Shields
 11737 | D:10     | Reached skill level 10 in Armour
 11928 | D:10     | Noticed a two-headed ogre
 11931 | D:10     | Killed a two-headed ogre
 12024 | D:10     | Reached **** piety under the Shining One
 12575 | D:11     | Noticed a wolf spider
 12581 | D:11     | Killed a wolf spider
 12604 | D:11     | HP: 5/101 [centaur/arrow[a centaur] (7)]
 12604 | D:11     | Shot with an arrow by a centaur

Illustrated notes

Levels and vault maps discovered:
D:1:      saegor_arrival_simple_b, layout_basic
D:2:      layout_loops_cross
D:3:      layout_basic, grunt_temple_overflow_open, general_overflow_altar,
          chequers_temple_overflow_minitemple,
          hellmonk_ecumenical_altar_pennies_from_heaven
D:4:      layout_loops_ring, old_standard_altar, gammafunk_ghost_stat_death
D:5:      layout_gridville, mainiacjoe_overflow_small_starburst,
          mainiacjoe_overflow_concentric_impassable, grunt_ministairs_9
D:6:      layout_basic, minmay_temple_entry_water_ring, skrybe_limestone_x,
          columned_hall_lemuel
D:7:      layout_loops_cross, chequers_serial_rivers_small_3
D:8:      layout_cave_pods, nicolae_yredelemnul_corpse_copse,
          mainiacjoe_overflow_tiny_flanked, hellmonk_lair_entry_icy
D:9:      layout_gridville, vehumet_statue, makhleb_altar_promises_db,
          orc_0_dummy
D:10:     layout_loops_cross
D:11:     layout_long_grid, gauntlet_entry_generic, nicolae_figureground_sparkle

Skill      XL: |  1  2  3  4  5  6  7  8  9 10 11 |
---------------+----------------------------------+-----
Polearms       | 3 4 5 6 7 9 11 13 | 13.7
Fighting       | 4 5 6 7 8 10 | 10.5
Armour         | 4 5 6 7 8 9 10 | 10.4
Shields        | 4 5 6 7 8 9 10 | 10.4

Action                     |  1- 3 |  4- 6 |  7- 9 | 10-12 || total
---------------------------+-------+-------+-------+-------++-------
  Melee: Trident           |   106 |   108 |   208 |       ||   422
         Headbutt          |    12 |    15 |    49 |    27 ||   103
         Glaive            |       |       |     9 |   173 ||   182
  Throw: Dart              |       |       |     2 |     4 ||     6
    Use: Scroll            |     7 |     5 |    11 |     4 ||    27
         Potion            |       |       |     6 |       ||     6
 Armour: Scale mail        |    31 |    42 |    58 |       ||   131
         Leather armour    |       |       |     8 |    29 ||    37
  Dodge: Dodged            |    40 |    39 |    82 |    85 ||   246
  Block: Buckler           |    18 |    22 |    41 |       ||    81
